BLB
NEW ORLEANS VOODOO @ PAWTUCKET PATRIOTS
07/03/2059
 
TOP OF THE 1ST
New Orleans Voodoo batting - Pitching for Pawtucket Patriots : RHP Allan Allen
Pitching: RHP Allan Allen
Batting: LHB Jordy Wovchanoff 0-0: Fly out, F7 (Line Drive, 78M, EV 85.0 MPH)
Batting: LHB Daryl Walken 0-0: Fly out, F7 (Flyball, 7, EV 83.1 MPH)
Batting: RHB Lon Leseberg 0-0: Ball
1-0: Called Strike
1-1: Ball
2-1: Swinging Strike
2-2: Foul Ball, location: 2F
2-2: Foul Ball, location: 2F
2-2: Ground out 5-3 (Groundball, 56S, EV 66.2 MPH)
Top of the 1st over - 0 runs, 0 hits, 0 errors, 0 left on base; New Orleans 0 - Pawtucket 0
BOTTOM OF THE 1ST
Pawtucket Patriots batting - Pitching for New Orleans Voodoo : LHP Joel Thompson
Pitching: LHP Joel Thompson
Batting: RHB Keith Friday 0-0: SINGLE (Groundball, 56S, EV 60.6 MPH) (infield hit)
Batting: RHB Ricky Douglas 0-0: Ground out 6-3 (Groundball, 56D, EV 87.5 MPH)
Keith Friday to second
Batting: RHB Mason Gilbert 0-0: Called Strike
0-1: Called Strike
0-2: Ball
1-2: Ball
2-2: Ball
Passed Ball!
Keith Friday to third
3-2: Fly out, F5 (Popup, 5SF, EV 80.6 MPH)
Batting: RHB R.C. Sloan 0-0: Ball
1-0: Foul Ball, location: 2F
1-1: Foul Ball, location: 2F
1-2: Ball
2-2: Foul Ball, location: 2F
2-2: Ball
3-2: Base on Balls
Batting: RHB Carter Kocher 0-0: Called Strike
0-1: Ball
1-1: Ball
2-1: Ball
3-1: Base on Balls
R.C. Sloan to second
Batting: RHB Isaac Merolla 0-0: Called Strike
0-1: Ball
1-1: Called Strike
1-2: Ball
2-2: Ball
3-2: Fly out, F7 (Line Drive, 7D, EV 97.5 MPH)
Bottom of the 1st over - 0 runs, 1 hit, 0 errors, 3 left on base; New Orleans 0 - Pawtucket 0
TOP OF THE 2ND
New Orleans Voodoo batting - Pitching for Pawtucket Patriots : RHP Allan Allen
Batting: LHB Tuck Vrsek 0-0: Swinging Strike
0-1: Ball
1-1: Foul Ball, location: 2F
1-2: Foul Ball, location: 2F
1-2: SINGLE (Groundball, 6D, EV 95.0 MPH)
Batting: LHB Devin Welninski 0-0: Ball
1-0: Swinging Strike
1-1: Swinging Strike
1-2: Ball
2-2: Ball
3-2: Foul Ball, location: 2F
3-2: Fly out, F8 (Flyball, 8RD, EV 105.6 MPH)
Batting: LHB Sully Volpe 0-0: Ball
1-0: Ball
2-0: Called Strike
2-1: Foul Ball, location: 2F
2-2: Strikes out swinging
Batting: RHB Dane Jennings 0-0: Called Strike
0-1: Fielders Choice at 2nd, 6-4 (Groundball, 6, EV 82.5 MPH)
Top of the 2nd over - 0 runs, 1 hit, 0 errors, 1 left on base; New Orleans 0 - Pawtucket 0
BOTTOM OF THE 2ND
Pawtucket Patriots batting - Pitching for New Orleans Voodoo : LHP Joel Thompson
Batting: SHB Cody Janway 0-0: Ball
1-0: Ball
2-0: SINGLE (Groundball, 4MD, EV 98.8 MPH)
Batting: RHB Tymell Wade 0-0: Ball
1-0: Called Strike
1-1: Ball
Wild Pitch!
Cody Janway to second
2-1: Foul Ball, location: 2F
2-2: Ground out 2-3 (Groundball, 13S, EV 72.5 MPH)
Cody Janway to third
Batting: RHB Paxton Barnett 0-0: Called Strike
0-1: Foul Ball, location: 2F
0-2: Ball
1-2: Ball
Wild Pitch!
Cody Janway scores
2-2: Ground out 6-3 (Groundball, 6M, EV 98.1 MPH)
Batting: RHB Keith Friday 0-0: Ball
1-0: Ball
2-0: Ball
3-0: Called Strike
3-1: Base on Balls
Batting: RHB Ricky Douglas 0-0: Ball
Keith Friday is caught stealing 2nd base 2-4
Bottom of the 2nd over - 1 run, 1 hit, 0 errors, 0 left on base; New Orleans 0 - Pawtucket 1
TOP OF THE 3RD
New Orleans Voodoo batting - Pitching for Pawtucket Patriots : RHP Allan Allen
Batting: SHB Jaden Maldonado 0-0: Called Strike
0-1: Fly out, F8 (Line Drive, 8LM, EV 85.0 MPH)
Batting: RHB Khaleen Romero 0-0: Called Strike
0-1: Ball
1-1: Foul Ball, location: 2F
1-2: Ball
2-2: SINGLE (Groundball, 34D, EV 95.0 MPH)
Batting: LHB Jordy Wovchanoff 0-0: Called Strike
0-1: Called Strike
0-2: Strikes out swinging
Batting: LHB Daryl Walken 0-0: Ball
1-0: Ball
2-0: Called Strike
2-1: Foul Ball, location: 2F
2-2: Strikes out swinging
Top of the 3rd over - 0 runs, 1 hit, 0 errors, 1 left on base; New Orleans 0 - Pawtucket 1
BOTTOM OF THE 3RD
Pawtucket Patriots batting - Pitching for New Orleans Voodoo : LHP Joel Thompson
Batting: RHB Ricky Douglas 0-0: Ball
1-0: TRIPLE (Line Drive, 89XD, EV 107.5 MPH)
Batting: RHB Mason Gilbert 0-0: Called Strike
0-1: Ball
1-1: Ball
2-1: Swinging Strike
2-2: Ball
Wild Pitch!
Ricky Douglas scores
3-2: Foul Ball, location: 2F
3-2: Foul Ball, location: 2F
3-2: Strikes out swinging
Batting: RHB R.C. Sloan 0-0: Swinging Strike
0-1: Foul Ball, location: 2F
0-2: Foul Ball, location: 2F
0-2: Strikes out swinging
Batting: RHB Carter Kocher 0-0: Reached via error on a dropped throw from SS, E3 (Groundball, 56D, EV 106.9 MPH)
Batting: RHB Isaac Merolla 0-0: Foul Ball, location: 2F
0-1: Ball
1-1: Foul Ball, location: 2F
1-2: Strikes out swinging
Bottom of the 3rd over - 1 run, 1 hit, 1 error, 1 left on base; New Orleans 0 - Pawtucket 2
TOP OF THE 4TH
New Orleans Voodoo batting - Pitching for Pawtucket Patriots : RHP Allan Allen
Batting: RHB Lon Leseberg 0-0: Foul Ball, location: 2F
0-1: Ball
1-1: Ball
2-1: Ball
3-1: Base on Balls
Batting: LHB Tuck Vrsek 0-0: Ball
Lon Leseberg steals 2nd base
1-0: Ball
2-0: Ball
3-0: Called Strike
3-1: SINGLE (Line Drive, 56, EV 100.0 MPH)
Lon Leseberg to third
Batting: LHB Devin Welninski 0-0: Ball
1-0: Ball
2-0: Ball
3-0: Called Strike
3-1: Grounds into double play, 5-4-3 (Groundball, 5, EV 85.0 MPH)
Lon Leseberg scores
Batting: LHB Sully Volpe 0-0: Ball
1-0: Called Strike
1-1: Swinging Strike
1-2: Foul Ball, location: 2F
1-2: Strikes out swinging
Top of the 4th over - 1 run, 1 hit, 0 errors, 0 left on base; New Orleans 1 - Pawtucket 2
BOTTOM OF THE 4TH
Pawtucket Patriots batting - Pitching for New Orleans Voodoo : LHP Joel Thompson
Batting: SHB Cody Janway 0-0: Foul Ball, location: 2F
0-1: Ball
1-1: Foul Ball, location: 2F
1-2: Ball
2-2: Foul Ball, location: 2F
2-2: Ground out 5-3 (Groundball, 56, EV 78.1 MPH)
Batting: RHB Tymell Wade 0-0: Fly out, F8 (Flyball, 8LM, EV 88.8 MPH)
Batting: RHB Paxton Barnett 0-0: Foul Ball, location: 2F
0-1: Fly out, F6 (Popup, 4M, EV 62.5 MPH)
Bottom of the 4th over - 0 runs, 0 hits, 0 errors, 0 left on base; New Orleans 1 - Pawtucket 2
TOP OF THE 5TH
New Orleans Voodoo batting - Pitching for Pawtucket Patriots : RHP Allan Allen
Batting: RHB Dane Jennings 0-0: Ball
1-0: Called Strike
1-1: Ground out 6-3 (Groundball, 6, EV 106.2 MPH)
Batting: SHB Jaden Maldonado 0-0: Ball
1-0: Called Strike
1-1: Ball
2-1: Ball
3-1: DOUBLE (Groundball, 3L, EV 103.1 MPH)
Batting: RHB Khaleen Romero 0-0: Ball
1-0: Called Strike
1-1: Ground out 1-3 (Groundball, P, EV 62.5 MPH)
Jaden Maldonado to third
Batting: LHB Jordy Wovchanoff 0-0: Fly out, F8 (Flyball, 8LM, EV 96.2 MPH)
Top of the 5th over - 0 runs, 1 hit, 0 errors, 1 left on base; New Orleans 1 - Pawtucket 2
BOTTOM OF THE 5TH
Pawtucket Patriots batting - Pitching for New Orleans Voodoo : LHP Joel Thompson
Batting: RHB Keith Friday 0-0: Ball
1-0: Swinging Strike
1-1: Bunt missed!
1-2: Ball
2-2: Foul Ball, location: 2F
2-2: Ball
3-2: Reached on error, E3 (Groundball, 3, EV 86.2 MPH)
Batting: RHB Ricky Douglas 0-0: Sac Bunt to 15S - play at first, batter OUT! 1-3
Keith Friday to second
Batting: RHB Mason Gilbert 0-0: Called Strike
0-1: Ball
1-1: Foul Ball, location: 2F
1-2: Strikes out looking
Batting: RHB R.C. Sloan 0-0: Swinging Strike
0-1: Called Strike
0-2: Ball
1-2: Ground out 6-3 (Groundball, 6, EV 106.2 MPH)
Bottom of the 5th over - 0 runs, 0 hits, 1 error, 1 left on base; New Orleans 1 - Pawtucket 2
TOP OF THE 6TH
New Orleans Voodoo batting - Pitching for Pawtucket Patriots : RHP Allan Allen
Batting: LHB Daryl Walken 0-0: Foul Ball, location: 2F
0-1: Called Strike
0-2: Ball
1-2: Ground out 4-3 (Groundball, 34D, EV 77.5 MPH)
Batting: RHB Lon Leseberg 0-0: Called Strike
0-1: Ball
1-1: Ball
2-1: Foul Ball, location: 2F
2-2: Ball
3-2: SINGLE (Groundball, 6MD, EV 98.8 MPH)
Pitching: LHP Cory Seyfarth
Batting: LHB Tuck Vrsek 0-0: Called Strike
0-1: Swinging Strike
0-2: Foul Ball, location: 2F
0-2: Strikes out swinging
Batting: LHB Devin Welninski 0-0: Fly out, F8 (Line Drive, 78M, EV 96.2 MPH)
Top of the 6th over - 0 runs, 1 hit, 0 errors, 1 left on base; New Orleans 1 - Pawtucket 2
BOTTOM OF THE 6TH
Pawtucket Patriots batting - Pitching for New Orleans Voodoo : LHP Joel Thompson
Pitching: RHP Charles Young
Batting: RHB Carter Kocher 0-0: Ball
1-0: Called Strike
1-1: Called Strike
1-2: SINGLE (Line Drive, 78S, EV 92.5 MPH)
Batting: RHB Isaac Merolla 0-0: Called Strike
0-1: Foul Ball, location: 2F
0-2: Ball
1-2: Foul Ball, location: 2F
1-2: Ball
2-2: Ball
3-2: Foul Ball, location: 2F
3-2: Foul Ball, location: 2F
3-2: Grounds into double play, 4-6-3 (Groundball, 4, EV 85.6 MPH)
Batting: SHB Cody Janway 0-0: Ball
1-0: Called Strike
1-1: Ball
2-1: DOUBLE (Line Drive, 7LS, EV 109.4 MPH)
Batting: RHB Tymell Wade 0-0: Fly out, F9 (Flyball, 89S, EV 88.1 MPH)
Bottom of the 6th over - 0 runs, 2 hits, 0 errors, 1 left on base; New Orleans 1 - Pawtucket 2
TOP OF THE 7TH
New Orleans Voodoo batting - Pitching for Pawtucket Patriots : LHP Cory Seyfarth
Pinch Hitting: RHB Tyson Dodd 0-0: Ball
1-0: Swinging Strike
1-1: DOUBLE (Line Drive, 7LM, EV 108.8 MPH)
Batting: RHB Dane Jennings 0-0: Ball
1-0: Ball
2-0: Bunted foul
2-1: Sac Bunt to 5S - play at first, batter OUT! 5-4
Tyson Dodd to third
Batting: SHB Jaden Maldonado 0-0: Called Strike
0-1: Foul Ball, location: 2F
0-2: Ball
1-2: Strikes out swinging
Batting: RHB Khaleen Romero 0-0: Ball
1-0: Foul Ball, location: 2F
1-1: DOUBLE (Flyball, 8LXD, EV 100.0 MPH)
Tyson Dodd scores
Pinch Hitting: RHB Darrin Cramer 0-0: Ball
1-0: Swinging Strike
1-1: Foul Ball, location: 2F
1-2: Strikes out swinging
Top of the 7th over - 1 run, 2 hits, 0 errors, 1 left on base; New Orleans 2 - Pawtucket 2
BOTTOM OF THE 7TH
Pawtucket Patriots batting - Pitching for New Orleans Voodoo : RHP Charles Young
Now at 2B: D'Angelo James
Now in LF: Lon Leseberg
Now in CF: Darrin Cramer
Pinch Hitting: LHB Justin Knight 0-0: Ball
1-0: Foul Ball, location: 2F
1-1: Ground out 3-1 (Groundball, 34, EV 88.1 MPH)
Batting: RHB Keith Friday 0-0: Ball
1-0: Called Strike
1-1: SINGLE (Line Drive, 8LS, EV 95.6 MPH)
Batting: RHB Ricky Douglas 0-0: Called Strike
0-1: Ball
1-1: Foul Ball, location: 2F
1-2: Ball
2-2: DOUBLE (Groundball, 5L, EV 101.9 MPH)
Keith Friday to third
Batting: RHB Mason Gilbert 0-0: Ball
1-0: 3-RUN HOME RUN (Flyball, 9LD, EV 94.4 MPH), Distance : 373 ft
Pitching: RHP Kaleb Mannino
Batting: RHB R.C. Sloan 0-0: Called Strike
0-1: Ball
1-1: Ball
2-1: SINGLE (Line Drive, 9LS, EV 105.6 MPH)
Batting: RHB Carter Kocher 0-0: Called Strike
0-1: Foul Ball, location: 2F
0-2: Foul Ball, location: 2F
0-2: Ball
1-2: Foul Ball, location: 2F
1-2: DOUBLE (Line Drive, 7LM, EV 110.6 MPH)
R.C. Sloan to third
Batting: RHB Isaac Merolla 0-0: Ball
Wild Pitch!
R.C. Sloan scores
Carter Kocher to third
1-0: Ball
2-0: Ball
3-0: Foul Ball, location: 2F
3-1: Base on Balls
Batting: SHB Cody Janway 0-0: Called Strike
0-1: Foul Ball, location: 2F
0-2: Ball
1-2: Ball
2-2: Foul Ball, location: 2F
2-2: Strikes out swinging
Batting: RHB Tymell Wade 0-0: Ball
1-0: Foul Ball, location: 2F
1-1: Foul Ball, location: 2F
1-2: Ball
2-2: Foul Ball, location: 2F
2-2: Fly out, F9 (Flyball, 9, EV 84.4 MPH)
Bottom of the 7th over - 4 runs, 5 hits, 0 errors, 2 left on base; New Orleans 2 - Pawtucket 6
TOP OF THE 8TH
New Orleans Voodoo batting - Pitching for Pawtucket Patriots : LHP Cory Seyfarth
Now at SS: Brayden Carlson
Batting: LHB Daryl Walken 0-0: Ball
1-0: Ball
2-0: Fly out, F2 (Popup, 25F, EV 90.6 MPH)
Batting: RHB Lon Leseberg 0-0: Ball
1-0: Called Strike
1-1: Foul Ball, location: 2F
1-2: Strikes out swinging
Batting: LHB Tuck Vrsek 0-0: Ball
1-0: Ball
2-0: Called Strike
2-1: Ground out 6-3 (Groundball, 6M, EV 81.9 MPH)
Top of the 8th over - 0 runs, 0 hits, 0 errors, 0 left on base; New Orleans 2 - Pawtucket 6
BOTTOM OF THE 8TH
Pawtucket Patriots batting - Pitching for New Orleans Voodoo : RHP Kaleb Mannino
Batting: RHB Brayden Carlson 0-0: Called Strike
0-1: Called Strike
0-2: Fly out, F5 (Line Drive, 56, EV 71.9 MPH)
Batting: RHB Keith Friday 0-0: Swinging Strike
0-1: Ball
1-1: Foul Ball, location: 2F
1-2: Foul Ball, location: 2F
1-2: Ball
2-2: Strikes out looking
Batting: RHB Ricky Douglas 0-0: Foul Ball, location: 2F
0-1: Ground out 5-3 (Groundball, 56S, EV 65.0 MPH)
Bottom of the 8th over - 0 runs, 0 hits, 0 errors, 0 left on base; New Orleans 2 - Pawtucket 6
TOP OF THE 9TH
New Orleans Voodoo batting - Pitching for Pawtucket Patriots : LHP Cory Seyfarth
Pitching: RHP J.D. de Leon
Batting: LHB Devin Welninski 0-0: Ball
1-0: SINGLE (Groundball, 6MS, EV 76.9 MPH) (infield hit)
Batting: RHB D'Angelo James 0-0: Foul Ball, location: 2F
0-1: Grounds into double play, 6-4-3 (Groundball, 6, EV 80.0 MPH)
Batting: RHB Dane Jennings 0-0: Called Strike
0-1: DOUBLE (Line Drive, 9LS, EV 103.8 MPH)
Batting: SHB Jaden Maldonado 0-0: SINGLE (Line Drive, 3D, EV 106.9 MPH)
Dane Jennings to third
Batting: RHB Khaleen Romero 0-0: Ball
1-0: Ground out 6-3 (Groundball, 4MS, EV 67.5 MPH)
Top of the 9th over - 0 runs, 3 hits, 0 errors, 2 left on base; New Orleans 2 - Pawtucket 6
Monday, March 11th , 2024 - OOTP Baseball 23.10 Build 110